 Dungeon Crawl Stone Soup version 0.22-a0-772-gac08f70 (webtiles) character file.

296072 sking99 the Corrupter of Planes (level 21, 0/175 HPs)
             Began as a Formicid Abyssal Knight on July 17, 2018.
             Was the Champion of Lugonu.
             Killed by vampiric draining
             ... invoked by a vampire knight
              (9 damage)
             ... on level 3 of the Vaults.
             The game lasted 02:24:51 (53738 turns).

sking99 the Corrupter of Planes (FoAK)             Turns: 53738, Time: 02:24:52

Health: 0/175      AC: 38    Str: 27    XL:     21   Next: 79%
Magic:  35/35      EV: 14    Int: 12    God:    Lugonu [******]
Gold:   3657       SH: 20    Dex: 13    Spells: 20/20 levels left

rFire    + + .     SeeInvis +   G - +9 great mace (flame)
rCold    + . .     Gourm    .   S - +0 large shield
rNeg     . . .     Faith    .   V - +11 gold dragon scales
rPois    +         Spirit   .   (helmet unavailable)
rElec    +         Reflect  .   j - +2 cloak {rF+}
rCorr    .         Harm     .   O - +2 pair of gloves
MR       +++..                  v - +1 pair of boots
Stlth    ..........             f - amulet of the Air {Inacc +Fly rElec EV+5 RMsl}
HPRegen  0.39/turn              K - +3 ring of strength
MPRegen  0.24/turn              q - ring of protection from magic

@: repel missiles
A: permanent stasis, dig shafts and tunnels, four strong arms, antennae 3
}: 2/15 runes: decaying, serpentine
a: Dig, Shaft Self, Depart the Abyss, Bend Space, Banish, Corrupt, Enter the
Abyss, Renounce Religion, Evoke Flight


You were on level 3 of the Vaults.
You worshipped Lugonu.
Lugonu was exalted by your worship.
You were near starving.

You visited 6 branches of the dungeon, and saw 34 of its levels.
You visited the Abyss 2 times.
You also visited: Labyrinth, Sewer, Ossuary, Ice Cave and Volcano.

You collected 4064 gold pieces.
You spent 407 gold pieces at shops.

Inventory:

Hand Weapons
 G - a +9 great mace of flaming (weapon)
Missiles
 F - a throwing net (quivered)
Armour
 j - a +2 cloak of fire resistance (worn)
 v - a +1 pair of boots (worn)
 O - a +2 pair of gloves (worn)
 S - a +0 large shield (worn)
 V - +11 gold dragon scales (worn)
Jewellery
 f - the amulet of the Air (around neck) {Inacc +Fly rElec EV+5 RMsl}
   (You found it in a labyrinth)

   [amulet of inaccuracy]

   It reduces the accuracy of all your attacks.
   It affects your evasion (+5).
   It insulates you from electricity.
   It lets you fly.
   It protects you from missiles.
 g - an uncursed ring of fire
 q - a ring of protection from magic (right hand)
 y - a +2 ring of intelligence
 J - an uncursed ring of protection from magic
 K - a +3 ring of strength (left hand)
 P - an uncursed ring of ice
 W - a +2 ring of evasion {unknown}
Wands
 b - a wand of random effects (98)
 e - a wand of polymorph (30)
 k - a wand of acid (33)
 n - a wand of clouds (5)
 o - a wand of paralysis (34)
 p - a wand of flame (76)
 r - a wand of iceblast (17)
 E - a wand of digging (38)
 N - a wand of enslavement (12)
Scrolls
 d - 2 scrolls of holy word
 h - 3 scrolls of magic mapping
 i - 11 scrolls of amnesia
 l - 12 scrolls of remove curse
 m - 8 scrolls of identify
 D - 4 scrolls of immolation
 Q - 3 scrolls of fog
 T - 3 scrolls of vulnerability
 U - 7 scrolls of fear
 X - a scroll of silence
Potions
 a - 10 potions of curing
 s - 8 potions of might
 t - 9 potions of agility
 u - 3 potions of heal wounds
 w - 7 potions of brilliance
 x - 7 potions of flight
 z - 3 potions of invisibility
 A - a potion of berserk rage
 B - 3 potions of lignification
 C - 2 potions of magic
 I - 8 potions of ambrosia
 L - 3 potions of haste
 M - 9 potions of resistance
 R - 3 potions of cancellation
Miscellaneous
 H - a fan of gales
Comestibles
 c - 40 rations


   Skills:
 + Level 17.4 Fighting
 - Level 20.0 Maces & Flails
 - Level 11.4 Armour
 - Level 10.0 Dodging
 + Level 13.8 Shields
 - Level 20.0 Invocations


You had 20 spell levels left.
You didn't know any spells.
Your spell library contained the following spells:

 Spells                   Type           Power        Failure   Level  Hunger
 Cause Fear               Hex            #.........   100%        4    #####..
 Magic Dart               Conj           #...         100%        1    ##.....
 Apportation              Tloc           #.....       100%        1    ##.....
 Lightning Bolt           Conj/Air       #.........   100%        5    ######.
 Confuse                  Hex            #.......     100%        3    ####...
 Invisibility             Hex            #.......     100%        6    #######
 Teleport Other           Tloc           #.......     100%        3    ####...
 Blink                    Tloc           N/A          100%        2    ###....
 Iskenderun's Mystic Bla  Conj           #.......     100%        4    #####..
 Animate Dead             Necr           N/A          100%        4    #####..
 Pain                     Necr           #...         100%        1    ##.....
 Tukima's Dance           Hex            #.......     100%        3    ####...
 Summon Demon             Summ           #.........   100%        5    ######.
 Shock                    Conj/Air       #...         100%        1    ##.....
 Swiftness                Chrm/Air       #.......     100%        2    ###....
 Recall                   Summ/Tloc      N/A          100%        3    ####...
 Death Channel            Necr           #.........   100%        6    #######
 Deflect Missiles         Chrm/Air       #.........   100%        6    #######
 Airstrike                Air            #.........   100%        4    #####..
 Shadow Creatures         Summ           N/A          100%        6    #######
 Ensorcelled Hibernation  Hex/Ice        #.....       100%        2    ###....
 Summon Butterflies       Summ           #.......     100%        1    ##.....
 Silence                  Hex/Air        #.........   100%        5    ######.
 Static Discharge         Conj/Air       #.......     100%        3    ####...
 Corona                   Hex            #......      100%        1    ##.....
 Alistair's Intoxication  Tmut/Pois      #.......     100%        5    ######.
 Simulacrum               Ice/Necr       #.........   100%        6    #######
 Passage of Golubria      Tloc           N/A          100%        4    #####..
 Shroud of Golubria       Chrm/Tloc      #.........   100%        2    ###....
 Aura of Abjuration       Summ           #.........   100%        5    ######.
 Fulminant Prism          Conj/Hex       #.........   100%        4    #####..
 Dazzling Spray           Conj/Hex       #.....       100%        3    ####...
 Force Lance              Conj/Tloc      #.......     100%        4    #####..
 Searing Ray              Conj           #.....       100%        2    ###....
 Discord                  Hex            #.........   100%        8    #######
 Summon Forest            Summ/Tloc      #.........   100%        5    ######.
 Summon Mana Viper        Hex/Summ       #.......     100%        5    ######.
 Gell's Gravitas          Tloc           #.........   100%        3    ####...
 Yara's Violent Unravell  Hex/Tmut       #.........   100%        5    ######.
 Lesser Beckoning         Tloc           #.........   100%        3    ####...
 Borgnjor's Vile Clutch   Necr/Erth      #.........   100%        5    ######.


Dungeon Overview and Level Annotations

Branches:
Dungeon (15/15)            Temple (0/1) D:6            Lair (6/6) D:8
  Swamp (4/4) Lair:3        Snake (4/4) Lair:4        Slime (0/5) Lair:6
    Orc (2/2) D:12            Elf (0/3) Orc:2        Vaults (3/5) D:14
  Crypt (0/3) Vaults:3     Depths (0/5) D:15

Altars:
Ashenzari
Dithmenos
Fedhas
Makhleb
Nemelex Xobeh
Ru
Sif Muna
Trog
Wu Jian
Xom
Beogh

Shops:
D:5 [   D:6 =   D:10 =   D:14 *   Orc:2 *[:(   Vaults:1 (?[   Vaults:2 (

Annotations:
Lair:6 1 runed door, exclusion: oklob plant, Torious's ghost, journeyman DECj
Swamp:1 corrupted
Swamp:2 corrupted
Snake:2 1 runed door, Zoumaton's ghost, journeyman TrFi
Snake:4 corrupted
Vaults:3 1 runed door, Erid's ghost, adept DDFi
Abyss:1 Bai Suzhen; Donald; Erolcha; Harold


Innate Abilities, Weirdness & Mutations

You cannot be hasted, slowed, berserked, paralysed or teleported.
You can dig through walls and to a lower floor.
Your four strong arms can wield two-handed weapons with a shield.
You have a pair of large antennae on your head. (SInv)


Message History

Something smites you!
* * * LOW HITPOINT WARNING * * *
You barely miss the vampire knight.
The vampire knight is severely damaged.
The vampire knight is infused with unholy energy.
* * * LOW HITPOINT WARNING * * *
The vampire knight draws life force from you and is healed!
You block the hellwing's attack. x2; You block the orc knight's attack.
The ironbrand convoker zombie hits you but does no damage.
You feel much better.
You block the vampire knight's attack. x2
The orc priest invokes the aid of Beogh against you.
Beogh smites you!
* * * LOW HITPOINT WARNING * * *
The hellwing hits you but does no damage.
The hellwing hits you.
* * * LOW HITPOINT WARNING * * *
The necromancer casts a spell.
The necromancer binds the souls of nearby monsters.
The vampire knight is infused with unholy energy.
You die...

#.... #..{ #.... #..
#.... ... #....
###'#### ####+
#......############....
#......#opo.......#....
#.....Zo3ecpo.....#....
#....4@#COpo......#...{
#....V.#{{{(......#....
####'###4{{)(3().(#.e..
... #{{...c.(..#/...
... #ZO..o)(.)()).W.
#..#. #.Oo......)#....
##>. #..........#####
##. #..((.....(#
############


You could see a vampire knight (invisible), an orc knight, a deep elf archer, a
hellwing, a yaktaur, a necromancer (invisible), a wizard, a smoke demon, an orc
sorcerer, an orc priest, an orc and an ironbrand convoker zombie.

Vanquished Creatures
  Rupert (Snake:1)
  Agnes (D:14)
  A thorn hunter (Swamp:4)
  8 nagarajas
  8 vault wardens
  2 orc warlords
  A curse skull (Vaults:3)
  A very ugly thing (Vaults:2)
  4 stone giants
  12 ironheart preservers
  5 dire elephants (Lair:6)
  A minotaur (Lab)
  2 fire dragons
  Snorg (Orc:1)
  Josephine (Orc:1)
  5 yaktaur captains
  4 great orbs of eyes
  14 hydras
  3 ice dragons (Vaults:2)
  Fannar (D:11)
  4 rakshasas
  13 anacondas
  3 vault guards
  6 centaur warriors
  5 ghost crabs
  12 naga warriors
  Erica (D:8)
  11 alligators
  2 death knights
  A deep troll shaman (Vaults:2)
  9 two-headed ogres
  5 tengu warriors
  A deep troll earth mage (Vaults:2)
  2 ogre magi (Vaults:3)
  Urug (Orc:1)
  An orc high priest (Orc:2)
  5 shock serpents
  Nergalle (D:12)
  5 naga sharpshooters
  A fire crab (shapeshifter) (Vaults:2)
  3 deep elf knights (Vaults:1)
  A fire crab (Swamp:4)
  6 salamander mystics
  A shadow wraith (Vaults:2)
  7 skeletal warriors
  2 flayed ghosts
  4 swamp dragons
  An unseen horror (Vaults:1)
  4 naga ritualists
  A shambling mangrove (Swamp:2)
  5 lindwurms
  3 spriggan druids
  7 orc knights
  11 deep trolls
  3 deep elf archers
  4 wizards
  2 phantasmal warriors
  9 ironbrand convokers
  A necromancer (D:15)
  4 deep elf magi
  A wolf spider (Vaults:1)
  2 oklob plants (Lair:4)
  23 ugly things
  17 mana vipers
  5 salamanders
  10 orc sorcerers
  A manticore (D:14)
  12 cyclopes
  A moth of wrath (shapeshifter) (Vaults:1)
  A black mamba (shapeshifter) (D:14)
  14 elephants
  An ice statue (IceCv)
  22 naga magi
  3 guardian serpents (Snake:4)
  27 black mambas
  A water nymph (shapeshifter) (Vaults:3)
  A molten gargoyle (Volcano)
  14 spiny frogs
  6 vault sentinels
  3 kobold demonologists
  3 rime drakes
  14 komodo dragons
  A yaktaur (shapeshifter) (Vaults:3)
  4 freezing wraiths
  24 yaktaurs
  3 efreet
  7 trolls
  21 polar bears
  6 tyrant leeches
  A polar bear (shapeshifter) (Vaults:2)
  13 slime creatures
  A tengu simulacrum (Vaults:2)
  Grinder (D:6)
  13 hornets
  11 blink frogs
  A hippogriff (shapeshifter) (Vaults:1)
  6 hippogriffs
  13 dream sheep
  3 bog bodies (Swamp:4)
  3 spriggans
  3 shadows (D:15)
  A centaur simulacrum (D:15)
  58 yaks
  A vampire (D:13)
  8 wraiths
  Eustachio (D:4)
  A hog (shapeshifter) (D:15)
  A human (shapeshifter) (Vaults:2)
  4 wyverns
  A small abomination (Abyss:1)
  9 fire elementals
  A hungry ghost (D:10)
  4 steam dragons
  Menkaure (Abyss:1)
  6 wargs
  17 vampire mosquitoes
  Edmund (D:6)
  31 nagas
  14 swamp worms
  4 insubstantial wisps (Swamp:4)
  5 acid dragons
  3 soldier ants
  Duvessa (D:4)
  5 porcupines
  9 swamp drakes
  9 water moccasins
  14 ice beasts
  2 phantoms
  28 orc warriors
  2 black bears
  A meliai simulacrum (D:15)
  4 sky beasts
  16 ogres
  A necrophage (D:14)
  14 centaurs
  8 boggarts
  5 wolves (IceCv)
  4 crocodiles
  3 big kobolds
  Blork the orc (Orc:2)
  10 bullfrogs
  A gnoll sergeant (D:5)
  3 earth elementals (Volcano)
  A wyvern zombie (D:13)
  Dowan (D:4)
  A water moccasin zombie (D:8)
  7 scorpions
  A water moccasin skeleton (D:6)
  4 wights (D:14)
  19 killer bees
  A human simulacrum (Vaults:2)
  2 electric eels
  2 howler monkeys
  5 crimson imps
  7 centaur zombies
  4 bullfrog zombies
  A quasit (D:9)
  3 hounds
  7 jellies
  A gnoll shaman (D:9)
  18 orc priests
  8 centaur skeletons
  7 iguanas
  An iron imp (Abyss:1)
  Crazy Yiuf (D:4)
  A bullfrog skeleton (D:4)
  Ijyb (D:4)
  15 worker ants
  20 orc wizards
  5 hell rats (Lair:5)
  A hound zombie (Ossuary)
  19 mummies (Ossuary)
  4 worker ant zombies
  19 gnolls
  19 adders
  5 river rats (Sewer)
  5 shadow imps
  2 ufetubi (Abyss:1)
  2 oozes
  An adder skeleton (D:7)
  2 adder zombies (Ossuary)
  A worm (D:2)
  4 dart slugs
  7 leopard geckos
  88 orcs
  7 ball pythons
  7 bats
  7 giant cockroaches
  12 goblins
  5 hobgoblins
  3 jackals (D:1)
  7 quokkas
  4 frilled lizards
  A jackal zombie (Ossuary)
  38 kobolds
  A leopard gecko skeleton (D:4)
  2 quokka skeletons
  27 rats
  A rat zombie (D:5)
  2 fire vortices
  3 plants (Lair:6)
1324 creatures vanquished.

Vanquished Creatures (others)
  A thorn hunter (Swamp:2)
  A nagaraja (Snake:4)
  A fire giant (Vaults:1)
  Aizul (Swamp:2)
  An ironheart preserver (Vaults:1)
  A white draconian (IceCv)
  2 fire dragons (Swamp:4)
  5 hydras
  2 naga warriors
  A centaur warrior (D:14)
  3 alligators (Swamp:2)
  2 anacondas
  A deep troll earth mage (Vaults:1)
  A tengu warrior (D:13)
  4 naga sharpshooters (Snake:4)
  A deep troll (Vaults:1)
  2 naga ritualists
  3 lindwurms
  A wizard (Vaults:2)
  5 swamp dragons
  2 ironbrand convokers (Vaults:1)
  2 spriggan druids
  An orc knight (D:15)
  A mana viper (Snake:4)
  A wolf spider (Vaults:1)
  A cyclops (D:15)
  3 ugly things
  A salamander (Snake:2)
  A black mamba (shapeshifter) (Vaults:1)
  A guardian serpent (Snake:4)
  3 black mambas
  A naga mage (Snake:4)
  3 apocalypse crabs (Swamp:1)
  2 vault sentinels (Vaults:1)
  A manticore (D:10)
  2 molten gargoyles (Volcano)
  A spiny frog (Swamp:2)
  A yaktaur (Vaults:1)
  A hornet (Swamp:2)
  A tyrant leech (Swamp:4)
  10 slime creatures
  3 bog bodies
  3 spriggans (Swamp:2)
  A shadow (Swamp:2)
  4 vampire mosquitoes
  3 swamp worms
  13 nagas
  7 swamp drakes
  A hornet zombie (D:15)
  2 ogres
  A big kobold (D:14)
  A wyvern skeleton (D:15)
  A killer bee (D:12)
  An orc wizard (D:14)
  A mummy (Ossuary)
  5 orcs
  14 briar patches
  14 fungi
  9 plants
  13 starspawn tentacles
  3 withered plants (Ossuary)
179 creatures vanquished.

Grand Total: 1503 creatures vanquished

Notes
Turn   | Place    | Note
-------+----------+-------------------------------------------
     0 | Abyss:1  | sking99 the Formicid Abyssal Knight began the quest for the Orb.
     0 | Abyss:1  | Reached XP level 1. HP: 18/18 MP: 2/2
    55 | Abyss:1  | Reached skill level 1 in Dodging
    97 | Abyss:1  | Found a corrupted altar of Lugonu.
   107 | D:1      | Escaped the Abyss
   151 | D:1      | Reached XP level 2. HP: 24/24 MP: 3/3
   560 | D:1      | Reached XP level 3. HP: 16/29 MP: 4/4
   883 | D:1      | Reached ** piety under Lugonu
  1266 | D:2      | Reached XP level 4. HP: 22/37 MP: 6/6
  2245 | D:2      | Found a sacrificial altar of Ru.
  2245 | D:2      | Found an ornate altar of the Wu Jian Council.
  2245 | D:2      | Found a deep blue altar of Sif Muna.
  2249 | D:2      | Found a shimmering altar of Xom.
  2250 | D:2      | Found a shattered altar of Ashenzari.
  2250 | D:2      | Found a bloodstained altar of Trog.
  2250 | D:2      | Found a burning altar of Makhleb.
  2602 | D:3      | Reached XP level 5. HP: 35/42 MP: 7/7
  2897 | D:3      | Reached *** piety under Lugonu
  3012 | D:3      | Found a blossoming altar of Fedhas.
  3225 | D:3      | Reached XP level 6. HP: 46/49 MP: 8/8
  3470 | D:3      | Found a sparkling altar of Nemelex Xobeh.
  3520 | D:4      | Noticed Menkaure
  3713 | D:4      | Banished Menkaure
  3775 | D:4      | Noticed Ijyb
  3781 | D:4      | Killed Ijyb
  3781 | D:4      | Reached XP level 7. HP: 47/55 MP: 10/10
  3781 | D:4      | Noticed Duvessa
  3790 | D:4      | Killed Duvessa
  3790 | D:4      | Reached skill level 5 in Fighting
  3790 | D:4      | Reached skill level 5 in Maces & Flails
  3824 | D:4      | Noticed Dowan
  3832 | D:4      | Killed Dowan
  4009 | D:4      | Found a glowing drain.
  4013 | Sewer    | Entered a sewer
  4160 | Sewer    | Reached skill level 5 in Invocations
  4237 | Sewer    | Reached **** piety under Lugonu
  4495 | Sewer    | Reached XP level 8. HP: 58/63 MP: 11/11
  5084 | D:4      | Reached ***** piety under Lugonu
  5114 | D:4      | Noticed Eustachio
  5132 | D:4      | Killed Eustachio
  5376 | D:4      | Found a runed door.
  5621 | D:4      | Noticed Crazy Yiuf
  5629 | D:4      | Killed Crazy Yiuf
  5792 | D:5      | Entered Level 5 of the Dungeon
  5881 | D:5      | Found a sand-covered staircase.
  5908 | Ossuary  | Entered an ossuary
  5956 | Ossuary  | Reached XP level 9. HP: 22/71 MP: 5/13
  7224 | D:5      | Found Vof Baun's Armour Emporium.
  7984 | D:6      | Reached XP level 10. HP: 55/80 MP: 16/16
  8222 | D:6      | Found Gesseraq's Jewellery Emporium.
  8223 | D:6      | Noticed Grinder
  8251 | D:6      | Killed Grinder
  8582 | D:6      | Noticed Edmund
  8602 | D:6      | Killed Edmund
  8672 | D:6      | Found a staircase to the Ecumenical Temple.
  8767 | D:6      | Reached skill level 10 in Maces & Flails
  9731 | D:8      | Noticed a two-headed ogre
  9773 | D:8      | Killed a two-headed ogre
 10174 | D:8      | Noticed Erica
 10198 | D:8      | Killed Erica
 10478 | D:8      | Reached XP level 11. HP: 64/87 MP: 18/18
 10863 | D:8      | Found a staircase to the Lair.
 11096 | D:8      | Reached skill level 5 in Shields
 11973 | D:9      | Reached ****** piety under Lugonu
 12057 | D:9      | Reached skill level 10 in Invocations
 12546 | D:9      | Noticed a two-headed ogre
 12574 | D:9      | Killed a two-headed ogre
 13056 | D:10     | Entered Level 10 of the Dungeon
 13153 | D:10     | Noticed a manticore
 13169 | D:10     | Banished a manticore
 13608 | D:10     | Found Tuesavvi's Jewellery Boutique.
 13627 | D:10     | Reached XP level 12. HP: 97/97 MP: 19/19
 13864 | D:10     | Reached skill level 10 in Fighting
 14174 | D:11     | Noticed Erolcha
 14175 | D:11     | Banished Erolcha
 14398 | D:11     | Noticed Fannar
 14459 | D:11     | Killed Fannar
 14592 | D:11     | Noticed Harold
 14595 | D:11     | Banished Harold
 15007 | Lair:1   | Entered Level 1 of the Lair of Beasts
 15339 | Lair:1   | Noticed a five-headed hydra
 15362 | Lair:1   | Killed a five-headed hydra
 16058 | Lair:2   | Identified a scroll of acquirement
 16160 | Lair:2   | Found a frozen archway.
 16213 | IceCv    | Entered an ice cave
 16295 | IceCv    | Reached XP level 13. HP: 70/103 MP: 15/23
 16880 | IceCv    | Noticed a white draconian
 16886 | IceCv    | Banished a white draconian
 18109 | Lair:3   | Found a dark tunnel.
 18112 | Volcano  | Entered a volcano
 18129 | Volcano  | Reached skill level 5 in Armour
 18270 | Volcano  | Reached skill level 15 in Invocations
 19819 | Lair:3   | Reached XP level 14. HP: 110/110 MP: 25/25
 20000 | Lair:3   | Found a staircase to the Swamp.
 20481 | Lair:4   | Reached skill level 10 in Armour
 20787 | Lair:4   | Found a staircase to the Snake Pit.
 21149 | Lair:4   | Reached XP level 15. HP: 101/115 MP: 26/26
 23187 | Lair:5   | Got an encrusted cloak
 23188 | Lair:5   | Identified the +0 cloak "Bufacy" {rPois} (You acquired it on level 5 of the Lair of Beasts)
 23279 | Lair:6   | Entered Level 6 of the Lair of Beasts
 23656 | Lair:6   | Found a staircase to the Slime Pits.
 23656 | Lair:6   | Noticed Torious's ghost (journeyman DECj)
 23803 | Lair:6   | Found a runed door.
 24972 | Lair:6   | Got a transparent lead amulet
 25543 | D:12     | Noticed Nergalle
 25558 | D:12     | Killed Nergalle
 25599 | D:12     | Reached XP level 16. HP: 106/122 MP: 24/28
 25623 | D:12     | Found a labyrinth entrance.
 25642 | Lab      | Entered a labyrinth
 26054 | Lab      | Found the amulet of the Air {Inacc +Fly rElec EV+5 RMsl}
 26753 | D:12     | Reached skill level 5 in Dodging
 26773 | D:12     | Found a staircase to the Orcish Mines.
 26836 | Orc:1    | Entered Level 1 of the Orcish Mines
 26870 | Orc:1    | Noticed Josephine
 26886 | Orc:1    | Killed Josephine
 26950 | Orc:1    | Noticed Urug
 26970 | Orc:1    | Killed Urug
 27336 | Orc:1    | Found a roughly hewn altar of Beogh.
 27453 | Orc:1    | Found a roughly hewn altar of Beogh.
 27533 | Orc:1    | Noticed Snorg
 27558 | Orc:1    | Killed Snorg
 27927 | Orc:2    | Entered Level 2 of the Orcish Mines
 27938 | Orc:2    | Noticed Donald
 27940 | Orc:2    | Banished Donald
 28412 | Orc:2    | Reached skill level 15 in Maces & Flails
 28583 | Orc:2    | Found a staircase to the Elven Halls.
 28652 | Orc:2    | Noticed Blork the orc
 28695 | Orc:2    | Killed Blork the orc
 28908 | Orc:2    | Found a roughly hewn altar of Beogh.
 28917 | Orc:2    | Found Okhlocue's Antique Armour Shop.
 29114 | Orc:2    | Found Jiuvvoq's Book Shop.
 29197 | Orc:2    | Found Heqis's Antique Weapon Shop.
 29211 | Orc:2    | Found Omawked's General Store.
 29219 | Orc:2    | Bought a scroll of enchant armour for 127 gold pieces
 29423 | Orc:1    | Identified the amulet of the Skies Above {Inacc rElec Str-4 Dex+4} (You found it on level 6 of the Lair of Beasts)
 29935 | D:13     | Identified a +5 great mace of distortion (a +3 great mace of protection corrupted by Lugonu)
 29935 | D:13     | Received a gift from Lugonu
 30904 | D:14     | Found Bashroupt's Assorted Antiques.
 31302 | D:14     | Reached XP level 17. HP: 128/128 MP: 30/30
 31366 | D:14     | Found a gate to the Vaults.
 31485 | D:14     | Noticed Agnes
 32084 | D:14     | Killed Agnes
 32202 | D:15     | Entered Level 15 of the Dungeon
 33011 | D:15     | Found a staircase to the Depths.
 33368 | D:15     | Identified the Grimoire of Evil Rites
 33785 | Swamp:1  | Entered Level 1 of the Swamp
 33785 | Swamp:1  | Found a runed door.
 34295 | Swamp:1  | Found a shadowy altar of Dithmenos.
 35411 | Swamp:1  | Corrupted Swamp:1
 35411 | Swamp:1  | Noticed a tentacled starspawn
 35412 | Swamp:1  | Noticed a tentacled starspawn
 35925 | Swamp:2  | Noticed a thorn hunter
 36242 | Swamp:2  | Noticed Aizul
 36276 | Abyss:1  | HP: 5/128 [poisoned by Aizul (bolt of poison)]
 36284 | Abyss:1  | Killed Menkaure
 36417 | Swamp:2  | Escaped the Abyss
 36422 | Swamp:2  | Corrupted Swamp:2
 36422 | Swamp:2  | Noticed a hellephant
 36422 | Swamp:2  | Noticed a bone dragon
 36424 | Swamp:2  | Noticed a bone dragon
 36431 | Swamp:2  | Killed a thorn hunter
 36431 | Swamp:2  | Killed Aizul
 36433 | Swamp:2  | Noticed a tentacled starspawn
 37564 | Swamp:3  | Reached XP level 18. HP: 63/134 MP: 31/31
 38824 | Swamp:4  | Entered Level 4 of the Swamp
 38834 | Swamp:4  | Reached skill level 10 in Dodging
 40355 | Swamp:4  | Got a decaying rune of Zot
 40493 | Snake:1  | Entered Level 1 of the Snake Pit
 41112 | Snake:1  | Noticed Rupert
 41831 | Snake:1  | Killed Rupert
 42499 | Snake:2  | Found a runed door.
 42823 | Snake:2  | Reached XP level 19. HP: 147/147 MP: 33/33
 43456 | Snake:2  | Noticed Zoumaton's ghost (journeyman TrFi)
 44697 | Snake:4  | Entered Level 4 of the Snake Pit
 44698 | Snake:4  | Corrupted Snake:4
 45851 | Snake:4  | Noticed Bai Suzhen
 45857 | Snake:4  | Banished Bai Suzhen
 47504 | Snake:4  | Got a serpentine rune of Zot
 47520 | Snake:4  | Reached XP level 20. HP: 160/160 MP: 34/34
 48695 | Vaults:1 | Entered Level 1 of the Vaults
 48801 | Vaults:1 | Reached skill level 15 in Fighting
 49652 | Vaults:1 | Reached skill level 10 in Shields
 49835 | Vaults:1 | Found Kamonack's Weapon Shoppe.
 49841 | Vaults:1 | Found Kyttut's Magic Scroll Shoppe.
 49850 | Vaults:1 | Found Files's Armour Shoppe.
 49870 | Vaults:1 | Bought a scroll of brand weapon for 280 gold pieces
 51156 | Vaults:2 | Found Hezifo's Antique Weapon Shoppe.
 51246 | Vaults:2 | Reached XP level 21. HP: 170/170 MP: 35/35
 53006 | Vaults:3 | Found a staircase to the Crypt.
 53537 | Vaults:3 | Found a runed door.
 53537 | Vaults:3 | Noticed Erid's ghost (adept DDFi)
 53737 | Vaults:3 | HP: 5/175 [vampire knight/vampiric draining (9)]
 53738 | Vaults:3 | Killed from afar by a vampire knight

Vault maps used:
D:1:      giann_wishing_wells, minmay_small_reverse_x
D:2:      grunt_temple_overflow_open
D:3:      marbit_many_paths, nemelex_altar_shiori
D:4:      gup_sewer_entry_bowl, first_ration, uniq_duvessa, uniq_ijyb,
          uniq_crazy_yiuf_cottage, uniq_eustachio, uniq_menkaure
D:5:      serial_shops, shop, enter_ossuary_3, lightli_minifort
D:6:      cheibrodos_steamvent, minmay_temple_entry_junction, serial_shops,
          shop, uniq_edmund, uniq_grinder
D:8:      david_lair_shrubbed, hangedman_pestilent_swarm, uniq_erica
D:10:     serial_shops, shop_statue
D:11:     uniq_fannar, uniq_harold, uniq_erolcha
D:12:     orc_0_dummy, lab_entry_generic, uniq_nergalle
D:14:     hangedman_vaults_entry_quadrant_bands, serial_shops, shop,
          nicolae_twisting_strands, kennysheep_two_boxes, uniq_agnes
D:15:     grunt_enter_depths_magical_seal
Lair:1:   infiniplex_staircase_pool
Lair:2:   portal_ice_cave_entry_ice_beasts
Lair:3:   minmay_swamp_entry_swarm, enter_volcano_1, serial_bayou_shore_a,
          lemuel_fruit_fields
Lair:4:   dpeg_oklob_gauntlet, minmay_snake_entry_six_corridors,
          grunt_forest_small_clearings, beast_lair_carwin_1
Lair:6:   due_jungle_book, minmay_slime_entry_oklob_open,
          hellmonk_ghost_happy_afterlife, grunt_megastairs_2
Swamp:1:  gammafunk_mikee_crab_dinner, basic_altar, swamp_pool4
Swamp:2:  evilmike_swamp_ruin_house_6, swamp_pool2, uniq_aizul
Swamp:3:  evilmike_swamp_ruin_house_5, nicolae_swamp_treefoil, swamp_pool2
Swamp:4:  swamp_fiery
Snake:1:  lemuel_fruit_tree, uniq_rupert
Snake:2:  ebering_ghost_reflecting_pool
Snake:4:  snake_pit_salamanders_mu, uniq_bai_suzhen
Orc:1:    basic_altar, nicolae_orc_stony_grotto, nicolae_orc_lava_tube,
          minmay_orc_temple_a, uniq_urug, uniq_josephine, uniq_snorg
Orc:2:    grunt_orc_cross, uniq_donald
Vaults:1: nicolae_vaults_network_barrier, st_hourglassy,
          vaults_mumra_minichess_inversion, nicolae_vaults_little_squares_4,
          nicolae_vaults_network_periphery, v_misc_33,
          nicolae_vaults_stairing_the_circle, nicolae_vaults_little_squares_6,
          hangedman_vaults_corner_blocks, nicolae_vaults_what_the_h, v_misc_24,
          vaults_room_pool, serial_shops, shop, shop, shop_fountains
Vaults:2: serial_ice_h, st_quartered_hall, nicolae_vaults_arrows,
          ontoclasm_vaults_ligature, nicolae_vaults_network_square,
          stair_cage_open, nicolae_vaults_little_ls,
          nicolae_vaults_yaktaur_gun_rack, vaults_dpeg_spiral,
          nicolae_vaults_little_squares_6, vaults_mumra_hex,
          nicolae_vaults_little_squares_3, vaults_room_corners,
          grunt_vaults_funnel, serial_shops, shop
Vaults:3: gammafunk_vaults_ghost_grave, vaults_room_grid,
          dpeg_vaults_monster_box, v_misc_27, nicolae_vaults_network_star,
          minmay_crypt_entry_simple_round, v_misc_24, nicolae_vaults_theta,
          v_alt_pattern_1, vaults_room_pool, v_pattern_2, v_misc_25,
          hangedman_vaults_impose
Abyss:1:  evilmike_abyss_exit_vortex, abyss_greek_temple
Lab:      nicolae_lab_swirl, lab_hedge, labyrinth_skeletal_remains,
          labyrinth_glass_2
Sewer:    sewer_minmay_treatment
Ossuary:  ossuary_zaba_flooded
IceCv:    ice_cave_small_giant
Volcano:  volcano_aerie

Skill      XL: |  1  2  3  4  5  6  7  8  9 10 11 12 13 14 15 16 17 18 19 20 21 |
---------------+----------------------------------------------------------------+-----
Dodging        | 1 4 7 9 10 | 10.0
Invocations    | 3 4 5 6 8 9 10 14 15 17 18 19 20 | 20.0
Maces & Flails | 3 4 6 7 9 10 12 13 14 15 16 17 18 20 | 20.0
Fighting       | 4 5 6 7 8 9 10 12 14 15 17 | 17.4
Shields        | 4 7 9 11 13 | 13.8
Armour         | 9 10 11 | 11.4

Action                   |  1- 3 |  4- 6 |  7- 9 | 10-12 | 13-15 | 16-18 | 19-21 || total
-------------------------+-------+-------+-------+-------+-------+-------+-------++-------
Melee: Mace              |    92 |     8 |       |       |       |       |       ||   100
       Whip              |       |   200 |   699 |  1006 |       |       |       ||  1905
       Morningstar       |       |       |       |    94 |    24 |       |       ||   118
       Great mace        |       |       |       |       |  1001 |  2342 |  1740 ||  5083
Invok: Banish            |       |     1 |     2 |     3 |     4 |     8 |     4 ||    22
       Bend Space        |       |       |       |       |       |     3 |     7 ||    10
       Brand Weapon With |       |       |       |       |       |     1 |       ||     1
       Corrupt           |       |       |       |       |       |     2 |     1 ||     3
       Depart the Abyss  |       |       |       |       |       |     1 |       ||     1
       Enter the Abyss   |       |       |       |       |       |     1 |       ||     1
 Abil: Dig               |       |     3 |     6 |    12 |    21 |    35 |    16 ||    93
  Use: Scroll            |       |     2 |    10 |    18 |    11 |    16 |     3 ||    60
       Potion            |       |       |       |       |     4 |     8 |     7 ||    19
 Stab: Distracted        |       |       |       |       |       |     1 |       ||     1
  Eat: Chunk             |     1 |     9 |    13 |    16 |    20 |    41 |    19 ||   119
       Ration            |       |       |     1 |     5 |     4 |     8 |     6 ||    24
Armor: Leather armour    |    29 |     1 |       |       |       |       |       ||    30
       Chain mail        |       |    94 |   240 |   294 |   383 |       |       ||  1011
       Gold dragon scale |       |       |       |       |   281 |  1181 |   593 ||  2055
Dodge: Dodged            |    68 |    64 |   144 |   165 |   272 |   857 |   526 ||  2096
       Deflected         |       |       |       |       |       |    60 |    81 ||   141
Block: Shield            |       |       |       |   242 |   650 |  1253 |   296 ||  2441
       Large shield      |       |       |       |       |       |       |   795 ||   795

Table legend:
 A = Spawn XP
 B = Non-spawn XP
 C = Spawn XP percentage of total XP
 D = Spawn monster count
 E = Non-spawn monster count
 F = Spawn count percentage of total count
 G = Total turns spent on level
                    A         B        C        D         E        F      G
               +---------+---------+-------+---------+---------+-------+---------
         Total |     249 |  458443 |   0.1 |       4 |    1392 |   0.3 | 53738
               +---------+---------+-------+---------+---------+-------+---------
           D:1 |       0 |      44 |   0.0 |       0 |      27 |   0.0 |  1134
           D:2 |       0 |      66 |   0.0 |       0 |      14 |   0.0 |  1176
           D:3 |       0 |     198 |   0.0 |       0 |      34 |   0.0 |  1290
           D:4 |       0 |    1128 |   0.0 |       0 |      41 |   0.0 |  1459
           D:5 |       0 |     964 |   0.0 |       0 |      32 |   0.0 |   847
           D:6 |       0 |    1544 |   0.0 |       0 |      22 |   0.0 |  1230
           D:7 |       0 |     591 |   0.0 |       0 |       8 |   0.0 |   856
           D:8 |       0 |    4680 |   0.0 |       0 |      38 |   0.0 |  2179
           D:9 |       0 |    3167 |   0.0 |       0 |      27 |   0.0 |  1401
          D:10 |       0 |    3544 |   0.0 |       0 |      21 |   0.0 |  1150
          D:11 |       0 |    3670 |   0.0 |       0 |      17 |   0.0 |   848
          D:12 |       0 |   12177 |   0.0 |       0 |      49 |   0.0 |  1016
          D:13 |       0 |   13250 |   0.0 |       0 |      58 |   0.0 |  1406
          D:14 |       0 |   14104 |   0.0 |       0 |      44 |   0.0 |  1413
          D:15 |       0 |   19953 |   0.0 |       0 |      52 |   0.0 |  1318
        Lair:1 |       0 |    2521 |   0.0 |       0 |       8 |   0.0 |  1115
        Lair:2 |       0 |    1752 |   0.0 |       0 |      12 |   0.0 |   567
        Lair:3 |       0 |    2971 |   0.0 |       0 |      12 |   0.0 |  1499
        Lair:4 |       0 |   12188 |   0.0 |       0 |      40 |   0.0 |  2160
        Lair:5 |       0 |    9605 |   0.0 |       0 |      39 |   0.0 |   924
        Lair:6 |       0 |   15403 |   0.0 |       0 |      30 |   0.0 |  1957
       Swamp:1 |       0 |   10942 |   0.0 |       0 |      22 |   0.0 |  1513
       Swamp:2 |       0 |    7278 |   0.0 |       0 |      20 |   0.0 |  1347
       Swamp:3 |       0 |   15471 |   0.0 |       0 |      36 |   0.0 |  1597
       Swamp:4 |       0 |   22464 |   0.0 |       0 |      52 |   0.0 |  1382
       Snake:1 |       0 |    9807 |   0.0 |       0 |      18 |   0.0 |  1390
       Snake:2 |       0 |   21773 |   0.0 |       0 |      46 |   0.0 |  2104
       Snake:3 |       0 |   16688 |   0.0 |       0 |      26 |   0.0 |  1425
       Snake:4 |       0 |   56461 |   0.0 |       0 |      79 |   0.0 |  3047
         Orc:1 |       0 |    7404 |   0.0 |       0 |      51 |   0.0 |  1350
         Orc:2 |       0 |   12852 |   0.0 |       0 |      64 |   0.0 |  1328
      Vaults:1 |       0 |   47423 |   0.0 |       0 |      82 |   0.0 |  1909
      Vaults:2 |       0 |   57011 |   0.0 |       0 |      90 |   0.0 |  2285
      Vaults:3 |       0 |   33314 |   0.0 |       0 |      49 |   0.0 |   849
       Abyss:1 |     249 |     172 |  59.1 |       4 |       1 |  80.0 |   248
           Lab |       0 |    1208 |   0.0 |       0 |       1 |   0.0 |   414
         Sewer |       0 |     250 |   0.0 |       0 |      48 |   0.0 |   626
       Ossuary |       0 |     694 |   0.0 |       0 |      29 |   0.0 |   991
         IceCv |       0 |    9220 |   0.0 |       0 |      36 |   0.0 |  1546
       Volcano |       0 |    4491 |   0.0 |       0 |      17 |   0.0 |  1442
               +---------+---------+-------+---------+---------+-------+---------
